Workbook
Name コンクリート試験: リスト!$C$21:$C$25
Name コンクリート試験_拘束膨張試験: リスト!$C$21:$C$22
Name 押抜き試験: リスト!$C$8:$C$10
Name 金属試験: リスト!$C$19:$C$20
Name 試験品の処理方法: リスト!$BC$3:$BC$6
Name 試験分類: OFFSET(リスト!$A$8,0,0,COUNTA(リスト!$A:$A)-2,1)
Name 試験方法リスト: INDIRECT('入力シート(お客様入力用)'!$D$26:$H$26)
Name 写真の送付先_E_mailアドレス: リスト!$AF$3
Name 写真の要否: リスト!$AE$3:$AE$6
Name 成績書の受取方法: リスト!$BB$3:$BB$4
Name 石材試験: リスト!$C$26:$C$27
Name 速報の送付先_E_mailアドレス: リスト!$AY$3
Name 速報の要否: リスト!$AX$3:$AX$5
Name 通信欄: リスト!$BE$3:$BE$4
Name 補修材料試験: リスト!$C$8:$C$18
Name 補修材料試験_引張接着性試験: リスト!$C$16:$C$17
Name 補修材料試験_押抜き試験: リスト!$C$8:$C$10
Name 立会の要否: リスト!$AB$3:$AB$5

Sheet 了承事項
A6: 依頼試験をお申し込みされるお客さまへ
A7: この試験は、お客さまが指定する適用規格、試験条件および試験方法等に基づき、当機構が実施するものです。
A8: 下記の事項をご確認の上、ご了承いただけましたら申込書をご提出ください。
A11: （お申し込みについて）
A12: 1.(1)当機構は、お客さまに申込書をご提出いただいた後、納期を提示、あるいは必要に応じて見積書を発行いたします。
A13: 納期あるいは見積書の内容をご了承いただけましたら、当機構まで供試品および資料（以下総称して「供試品等」という）をお持ちください。
A14: なお、納期および見積書に記載する料金等は、標準工程に基づくものであり、試験の進行状況によっては
A15: 変更することがありますのであらかじめご了承ください。
A16: (2)ご提出いただいた供試品等について、試験業務終了後に返却をご希望される場合は、お申し込み時にあらかじめお申し出ください。
A17: (3)納期とは、持ち込みにおいては引き取り可能日であり、輸送業者使用の場合は、当機構発送日とします。
A19: （お申し込みの取消等）
A20: 2.お客さまにおいて、以下の事項の一つにでも該当する場合、当機構の判断でお申し込みを受け付けないこと、
... A102: 14．本了承事項に記載のない事項または疑義が生じた事項については、お客さまと当機構で協議の上、解決にあたるものとします。

Sheet 入力シート(お客様入力用)
J1: =IF(D27="","",INDEX(リスト!B$8:B$41,MATCH($D$27,リスト!$C$8:$C$41,0))&"")
B2: 入力シート | J2: ※注意事項および記入例
G3: 未記入箇所があります | J3: 黄色のセルは必須事項です。 | Q3: =IF(COUNTIF(Q4:Q92,"未記入")>0,"未記入","完了") -> 未記入
J4: 白色のセルは必要に応じて記入してください。 | Q4: =IF(AND(D28<>"",H28=""),"未記入","完了") -> 完了
B5: 申込者情報 | C5: 申込者コード | J5: ※JQAから配布されている場合は設定してください。
C6: 会社名 | J6: ※㈱や㈲は使用しないでください。 | Q6: =IF(AND(C6<>"",D6=""),"未記入","完了") -> 未記入
J7: ※株式会社などと会社名の間は全角空白を入れてください。
J8: 例）日本品質 株式会社、株式会社 日本品質
C9: 事業所名・作業所名 | J9: 例）本社、関東支店、関東工場、○○橋作業所 | Q9: =IF(AND(C9<>"",D9=""),"未記入","完了") -> 未記入
C10: 郵便番号 | J10: 例）XXX-XXXX | Q10: =IF(AND(C10<>"",D10=""),"未記入","完了") -> 未記入
C11: 住所（県名から番地まで） | Q11: =IF(AND(C11<>"",D11=""),"未記入","完了") -> 未記入
C12: 住所(建物名) | Q12: =IF(AND(C12<>"",D12=""),"未記入","完了") -> 未記入
C13: 氏名（担当者様） | J13: ※姓と名の間は全角空白を入れてください。 | Q13: =IF(AND(C13<>"",D13=""),"未記入","完了") -> 未記入
C14: 所属部署 | Q14: =IF(AND(C14<>"",D14=""),"未記入","完了") -> 未記入
C15: 電話番号 | J15: 例)0568-23-0111 | Q15: =IF(AND(C15<>"",D15=""),"未記入","完了") -> 未記入
C16: 電話番号(携帯電話) | J16: 例)0568-23-0111 | Q16: =IF(AND(C16<>"",D16=""),"未記入","完了") -> 未記入
C17: FAX番号 | J17: 例)0568-23-0111 | Q17: =IF(AND(C17<>"",D17=""),"未記入","完了") -> 未記入
C18: E-mailアドレス | Q18: =IF(AND(C18<>"",D18=""),"未記入","完了") -> 未記入
C19: 責任者（上司の方または担当者様） | Q19: =IF(AND(C19<>"",D19=""),"未記入","完了") -> 未記入
C20: 部署 | Q20: =IF(AND(C20<>"",D20=""),"未記入","完了") -> 未記入
B22: 試験品内容 | C22: 申込日 | Q22: =IF(AND(C22<>"",D22=""),"未記入","完了") -> 未記入
C23: 成績書宛名 | J23: ※㈱や㈲は使用しないでください。 | Q23: =IF(AND(C23<>"",D23=""),"未記入","完了") -> 未記入
C24: 件名（工事名・調査名等）
C25: 施工者 | J25: ※㈱や㈲は使用しないでください。
C26: 試験分類 | D26: 補修材料試験_押抜き試験 | Q26: =IF(AND(C26<>"",D26=""),"未記入","完了") -> 完了
C27: 試験方法 | Q27: =IF(AND(C27<>"",D27=""),"未記入","完了") -> 未記入
C28: 試験品名 | D28: =IF(D27="","",INDEX(リスト!D$8:D$41,MATCH($D$27,リスト!$C$8:$C$41,0))&"") | H28: =IF(D27="","",INDEX(リスト!E$8:E$41,MATCH($D$27,リスト!$C$8:$C$41,0))&"") | I28: 個/セット | J28: ※必要に応じて修正してください。 | Q28: =IF(AND(C28<>"",D28=""),"未記入","完了") -> 未記入
C29: 試験項目 | D29: =IF(D27="","",INDEX(リスト!F$8:F$41,MATCH($D$27,リスト!$C$8:$C$41,0))&"") | J29: ※必要に応じて修正してください。 | Q29: =IF(AND(C29<>"",D29=""),"未記入","完了") -> 未記入
C30: =IF(D27="","",INDEX(リスト!G$8:G$41,MATCH($D$27,リスト!$C$8:$C$41,0))&"") | J30: =IF(D27="","",INDEX(リスト!H$8:H$41,MATCH($D$27,リスト!$C$8:$C$41,0))&"") | Q30: =IF(AND(C30<>"",D30=""),"未記入","完了") -> 完了
C31: =IF(D27="","",INDEX(リスト!I$8:$I41,MATCH($D$27,リスト!$C$8:$C$41,0))&"") | J31: =IF(D27="","",INDEX(リスト!J$8:J$41,MATCH($D$27,リスト!$C$8:$C$41,0))&"") | Q31: =IF(AND(C31<>"",D31=""),"未記入","完了") -> 完了
C32: =IF(D27="","",INDEX(リスト!K$8:K$41,MATCH($D$27,リスト!$C$8:$C$41,0))&"") | J32: =IF(D27="","",INDEX(リスト!L$8:L$41,MATCH($D$27,リスト!$C$8:$C$41,0))&"") | Q32: =IF(AND(C32<>"",D32=""),"未記入","完了") -> 完了
C33: =IF(D27="","",INDEX(リスト!M$8:M$41,MATCH($D$27,リスト!$C$8:$C$41,0))&"") | J33: =IF(D27="","",INDEX(リスト!N$8:N$41,MATCH($D$27,リスト!$C$8:$C$41,0))&"") | Q33: =IF(AND(C33<>"",D33=""),"未記入","完了") -> 完了
C34: =IF(D27="","",INDEX(リスト!O$8:O$41,MATCH($D$27,リスト!$C$8:$C$41,0))&"") | J34: =IF(D27="","",INDEX(リスト!P$8:P$41,MATCH($D$27,リスト!$C$8:$C$41,0))&"") | Q34: =IF(AND(C34<>"",D34=""),"未記入","完了") -> 完了
C35: =IF(D27="","",INDEX(リスト!Q$8:Q$41,MATCH($D$27,リスト!$C$8:$C$41,0))&"") | J35: =IF(D27="","",INDEX(リスト!R$8:R$41,MATCH($D$27,リスト!$C$8:$C$41,0))&"") | Q35: =IF(AND(C35<>"",D35=""),"未記入","完了") -> 完了
C36: =IF(D27="","",INDEX(リスト!S$8:S$41,MATCH($D$27,リスト!$C$8:$C$41,0))&"") | J36: =IF(D27="","",INDEX(リスト!T$8:T$41,MATCH($D$27,リスト!$C$8:$C$41,0))&"") | Q36: =IF(AND(C36<>"",D36=""),"未記入","完了") -> 完了
C37: =IF(D27="","",INDEX(リスト!U$8:U$41,MATCH($D$27,リスト!$C$8:$C$41,0))&"") | J37: =IF(D27="","",INDEX(リスト!V$8:V$41,MATCH($D$27,リスト!$C$8:$C$41,0))&"") | Q37: =IF(AND(C37<>"",D37=""),"未記入","完了") -> 完了
C38: =IF(D27="","",INDEX(リスト!W$8:W$41,MATCH($D$27,リスト!$C$8:$C$41,0))&"") | J38: =IF(D27="","",INDEX(リスト!X$8:X$41,MATCH($D$27,リスト!$C$8:$C$41,0))&"") | Q38: =IF(AND(C38<>"",D38=""),"未記入","完了") -> 完了
C39: =IF(D27="","",INDEX(リスト!Y$8:Y$41,MATCH($D$27,リスト!$C$8:$C$41,0))&"") | J39: =IF(D27="","",INDEX(リスト!Z$8:Z$41,MATCH($D$27,リスト!$C$8:$C$41,0))&"")
B41: 立会 | C41: 立会の要否 | J41: ※Web立会の場合は別途申込書が必要です。追加料金がかかります。 | Q41: =IF(AND(C41<>"",D41=""),"未記入","完了") -> 未記入
C42: {=_xlfn.IFS(D41="","",D41="不要","",D41="必要(現地)","立会日時",D41="必要(Web)","立会日時")} | J42: =IF(D41="","",IF(D41="不要","","※事前に立会日時を打合せ済みの場合のみご記入ください。例)2025年8月19日 13:00～")) | Q42: =IF(AND(C42<>"",D42=""),"未記入","完了") -> 完了
B44: 写真 | C44: 写真の要否 | J44: ※写真撮影の枚数ごとに500円追加となります。 | Q44: =IF(AND(C44<>"",D44=""),"未記入","完了") -> 未記入
C45: {=_xlfn.IFS(D44="","",D44="不要","",D44="必要(成績書に添付)","",D44="必要(E-mail)","写真の送付先(E-mailアドレス)",D44="必要(CD)","")} | J45: ※成績書に添付する場合は、写真の枚数ごとに300円追加となります。 | Q45: =IF(AND(C45<>"",D45=""),"未記入","完了") -> 完了
C46: =IF(D44="不要","","写真の撮影方法") -> 写真の撮影方法 | D46: =IF(D27="","",IF(D44="","",IF(D44="不要","",INDEX(リスト!AG$8:AG$41,MATCH($D$27,リスト!$C$8:$C$41,0))&""))) | H46: =IF(D46="","",0) | I46: =IF(H46="","","枚") | J46: ※必要な撮り方と枚数を修正してください。 | K46: =IF(L46="","","(通常)") | L46: =IF(D46="","",INDEX(リスト!AH$8:AH$41,MATCH($D$27,リスト!$C$8:$C$41,0))&"") | M46: =IF(L46="","","枚") | Q46: =IF(AND(C46<>"",D46=""),"未記入","完了") -> 未記入
D47: =IF(D27="","",IF(D44="","",IF(D44="不要","",INDEX(リスト!AI$8:AI$41,MATCH($D$27,リスト!$C$8:$C$41,0))&""))) | H47: =IF(D47="","",0) | I47: =IF(H47="","","枚") | J47: ※必要な撮り方と枚数を修正してください。 | K47: =IF(L47="","","(通常)") | L47: =IF(D46="","",INDEX(リスト!AJ$8:AJ$41,MATCH($D$27,リスト!$C$8:$C$41,0))&"") | M47: =IF(L47="","","枚") | Q47: =IF(AND(C47<>"",D47=""),"未記入","完了") -> 完了
D48: =IF(D27="","",IF(D44="","",IF(D44="不要","",INDEX(リスト!AK$8:AK$41,MATCH($D$27,リスト!$C$8:$C$41,0))&""))) | H48: =IF(D48="","",0) | I48: =IF(H48="","","枚") | J48: ※必要な撮り方と枚数を修正してください。 | K48: =IF(L48="","","(通常)") | L48: =IF(D46="","",INDEX(リスト!AL$8:AL$41,MATCH($D$27,リスト!$C$8:$C$41,0))&"") | M48: =IF(L48="","","枚") | Q48: =IF(AND(C48<>"",D48=""),"未記入","完了") -> 完了
D49: =IF(D27="","",IF(D44="","",IF(D44="不要","",INDEX(リスト!AM$8:AM$41,MATCH($D$27,リスト!$C$8:$C$41,0))&""))) | H49: =IF(D49="","",0) | I49: =IF(H49="","","枚") | J49: ※必要な撮り方と枚数を修正してください。 | K49: =IF(L49="","","(通常)") | L49: =IF(D46="","",INDEX(リスト!AN$8:AN$41,MATCH($D$27,リスト!$C$8:$C$41,0))&"") | M49: =IF(L49="","","枚") | Q49: =IF(AND(C49<>"",D49=""),"未記入","完了") -> 完了
D50: =IF(D27="","",IF(D44="","",IF(D44="不要","",INDEX(リスト!AO$8:AO$41,MATCH($D$27,リスト!$C$8:$C$41,0))&""))) | H50: =IF(D50="","",0) | I50: =IF(H50="","","枚") | J50: ※必要な撮り方と枚数を修正してください。 | K50: =IF(L50="","","(通常)") | L50: =IF(D46="","",INDEX(リスト!AP$8:AP$41,MATCH($D$27,リスト!$C$8:$C$41,0))&"") | M50: =IF(L50="","","枚") | Q50: =IF(AND(C50<>"",D50=""),"未記入","完了") -> 完了
D51: =IF(D27="","",IF(D44="","",IF(D44="不要","",INDEX(リスト!AQ$8:AQ$41,MATCH($D$27,リスト!$C$8:$C$41,0))&""))) | H51: =IF(D51="","",0) | I51: =IF(H51="","","枚") | J51: ※必要な撮り方と枚数を修正してください。 | K51: =IF(L51="","","(通常)") | L51: =IF(D46="","",INDEX(リスト!AR$8:AR$41,MATCH($D$27,リスト!$C$8:$C$41,0))&"") | M51: =IF(L51="","","枚") | Q51: =IF(AND(C51<>"",D51=""),"未記入","完了") -> 完了
D52: =IF(D27="","",IF(D44="","",IF(D44="不要","",INDEX(リスト!AS$8:AS$41,MATCH($D$27,リスト!$C$8:$C$41,0))&""))) | H52: =IF(D52="","",0) | I52: =IF(H52="","","枚") | J52: ※必要な撮り方と枚数を修正してください。 | K52: =IF(L52="","","(通常)") | L52: =IF(D46="","",INDEX(リスト!AT$8:AT$41,MATCH($D$27,リスト!$C$8:$C$41,0))&"") | M52: =IF(L52="","","枚") | Q52: =IF(AND(C52<>"",D52=""),"未記入","完了") -> 完了
D53: =IF(D27="","",IF(D44="","",IF(D44="不要","",INDEX(リスト!AU$8:AU$41,MATCH($D$27,リスト!$C$8:$C$41,0))&""))) | H53: =IF(D44="","",IF(D44="不要","",SUM(H46:H52))) | I53: =IF(H53="","","枚") | Q53: =IF(AND(C53<>"",D53=""),"未記入","完了") -> 完了
B55: 試験結果 | C55: 速報の要否 | Q55: =IF(AND(C55<>"",D55=""),"未記入","完了") -> 未記入
C56: {=_xlfn.IFS(D55="","",D55="不要","",D55="必要(E-mail)","速報の送付先(E-mailアドレス)",D55="必要(FAX)","")} | Q56: =IF(AND(C56<>"",D56=""),"未記入","完了") -> 完了
C57: {=_xlfn.IFS(D55="","",D55="不要","",D55="必要(E-mail)","",D55="必要(FAX)","速報の送付先(FAX番号)")} | Q57: =IF(AND(C57<>"",D57=""),"未記入","完了") -> 完了
C58: 成績書の副本必要部数(部) | I58: 部 | J58: ※部数ごとに500円追加となります。 | Q58: =IF(AND(C58<>"",D58=""),"未記入","完了") -> 未記入
C59: 成績書の受取方法 | Q59: =IF(AND(C59<>"",D59=""),"未記入","完了") -> 未記入
C60: 試験品の処理方法 | J60: ※返却先が申込者住所と異なる場合は通信欄に記入してください。 | Q60: =IF(AND(C60<>"",D60=""),"未記入","完了") -> 未記入
B62: ※申込者情報と異なる宛先に成績書を送付する場合は、ご記載ください。 成績書の 宛名・送付先 | C62: 成績書送付先コード | J62: ※JQAから配布されている場合は設定してください。
C63: 会社名 | J63: ※㈱や㈲は利用しないでください。
J64: ※株式会社などと会社名の間は全角空白を入れてください。
J65: 例）日本品質 株式会社、株式会社 日本品質
C66: 事業所名・作業所名 | J66: 例）本社、関東支店、関東工場、○○橋作業所
C67: 郵便番号 | J67: 例）XXX-XXXX
C68: 住所（県名から番地まで）
C69: 住所(建物名)
C70: 氏名 | J70: ※姓と名の間は全角空白を入れてください。
C71: 所属部署
C72: 電話番号 | J72: 例)0568-23-0111
C73: FAX番号 | J73: 例)0568-23-0111
C74: E-mailアドレス
B76: ※申込者情報と異なる宛先に請求書を送付する場合は、ご記載ください。 | C76: 請求書宛名コード | J76: ※JQAから配布されている場合は設定してください。
C77: 会社名(宛名) | J77: ※㈱や㈲は利用しないでください。
J78: ※株式会社などと会社名の間は全角空白を入れてください。
J79: 例）日本品質 株式会社、株式会社 日本品質
C80: 事業所名・作業所名 | J80: 例）本社、関東支店、関東工場、○○橋作業所
C81: 郵便番号 | J81: 例）XXX-XXXX
C82: 住所（県名から番地まで）
C83: 住所(建物名)
C84: 氏名 | J84: ※姓と名の間は全角空白を入れてください。
C85: 所属部署
C86: 電話番号 | J86: 例)0568-23-0111
C87: FAX番号 | J87: 例)0568-23-0111
C88: E-mailアドレス
B90: =IF(C90="","","通信欄") | C90: =IF(D27="","",INDEX(リスト!BE$8:BE$41,MATCH($D$27,リスト!$C$8:$C$41,0))&"") | Q90: =IF(AND(C90<>"",D90=""),"未記入","完了") -> 完了
C91: =IF(D27="","",INDEX(リスト!BF$8:BF$41,MATCH($D$27,リスト!$C$8:$C$41,0))&"") | Q91: =IF(AND(C91<>"",D91=""),"未記入","完了") -> 完了
C92: =IF(D27="","",INDEX(リスト!BG$8:BG$41,MATCH($D$27,リスト!$C$8:$C$41,0))&"") | Q92: =IF(AND(C92<>"",D92=""),"未記入","完了") -> 完了
C93: =IF(C90="","通信欄","自由記入") -> 通信欄
B113: ↓↓最終的には隠す
B115: =D6&B120&D9&B120&D10&B120&D11&B120&D12&B120&D13&B120&D14&B120&D15&B120&D16&B120&D17&B120&D18&B120&D19&B120&D20&B120 -> ,,,,,,,,,,,,,
B116: =D22&B120&D23&B120&D24&B120&D25&B120&D26&B120&D27&B120&D28&B120&H28&B120&D29&B120&D30&B120&D31&B120&D32&B120&D33&B120&D34&B120&D35&B120&D36&B120&D37&B120&D38&B120&D39&B120&D41&B120&D42 -> ,,,,補修材料試験_押抜き試験,,,,,,,,,,,,,,,,
B117: =D44&B120&D45&B120&D46&B120&D47&B120&D48&B120&D49&B120&D50&B120&D51&B120&D52&B120&D53&B120&H46&B120&H47&B120&H48&B120&H49&B120&H50&B120&H51&B120&H52&B120&H53&B120&D55&B120&D56&B120&D57&B120&D58&B120&D59&B120&D60 -> ,,,,,,,,,,,,,,,,,,,,,,,
B118: =D62&B120&D63&B120&D66&B120&D67&B120&D68&B120&D69&B120&D70&B120&D71&B120&D72&B120&D73&B120&D74&B120 -> ,,,,,,,,,,,
B119: =D77&B120&D80&B120&D81&B120&D82&B120&D83&B120&D84&B120&D85&B120&D86&B120&D87&B120&D88&B120&D90&B120&D93 -> ,,,,,,,,,,,
B120: ,

Sheet 申込書(こちらを印字して下さい)
A3: =IF('入力シート(お客様入力用)'!D27="","試験申込書",LEFT('入力シート(お客様入力用)'!D27,FIND(" ",'入力シート(お客様入力用)'!D27,1)-1)&"申込書") -> 試験申込書 | W3: 受付No.
A5: ◆裏面ご了承事項をご承諾の上、下記の内容をご確認し、ご捺印をしてお申し込みください。
A6: ◆当方で内容確認の結果、お引受できない場合があります。 | AC6: ='入力シート(お客様入力用)'!J1
A8: 一般財団法人日本品質保証機構 御中 | AA8: 申込日 | AD8: =IF('入力シート(お客様入力用)'!D22="","",YEAR('入力シート(お客様入力用)'!D22)) | AF8: 年 | AG8: =IF('入力シート(お客様入力用)'!D22="","",MONTH('入力シート(お客様入力用)'!D22)&"") | AI8: 月 | AJ8: =IF('入力シート(お客様入力用)'!D22="","",DAY('入力シート(お客様入力用)'!D22)&"") | AL8: 日
A9: 申込者 | E9: ： | F9: 会社名 | H9: ='入力シート(お客様入力用)'!D6&"" | AB9: TEL | AF9: ='入力シート(お客様入力用)'!D15&""
F10: 住所 | H10: 〒 | I10: ='入力シート(お客様入力用)'!D10&"" | AB10: TEL(携帯) | AF10: ='入力シート(お客様入力用)'!D16&""
D11: ='入力シート(お客様入力用)'!D11&" "&'入力シート(お客様入力用)'!D12&"" | AB11: FAX | AF11: ='入力シート(お客様入力用)'!D17&""
A12: 責任者 | D12: ='入力シート(お客様入力用)'!D19&"" | N12: 印 | O12: 担当者 | R12: ='入力シート(お客様入力用)'!D13&"" | AB12: E-mail アドレス | AF12: ='入力シート(お客様入力用)'!D18&""
A13: 部署 | D13: ='入力シート(お客様入力用)'!D20&"" | O13: 部署 | R13: ='入力シート(お客様入力用)'!D14&""
A14: 成績書宛名 | F14: ： | G14: ='入力シート(お客様入力用)'!D23&""
A15: 件名 | F15: ： | G15: ='入力シート(お客様入力用)'!D24&""
A16: 施工者 | F16: ： | G16: ='入力シート(お客様入力用)'!D25&""
A17: 試験方法 | F17: ： | G17: =IF('入力シート(お客様入力用)'!D27="","",'入力シート(お客様入力用)'!D27)
A18: 試験品名 | F18: ： | G18: ='入力シート(お客様入力用)'!D28&"" | AE18: 数量 | AG18: =IF('入力シート(お客様入力用)'!H28="","",'入力シート(お客様入力用)'!H28) | AI18: 個/セット
A19: 試験項目 | F19: ： | G19: ='入力シート(お客様入力用)'!D29&""
A20: =IF('入力シート(お客様入力用)'!C30="","",'入力シート(お客様入力用)'!C30) | F20: =IF(A20="","","：") | G20: =IF('入力シート(お客様入力用)'!D30="","",'入力シート(お客様入力用)'!D30)
A21: =IF('入力シート(お客様入力用)'!C31="","",'入力シート(お客様入力用)'!C31) | F21: =IF(A21="","","：") | G21: =IF('入力シート(お客様入力用)'!D31="","",'入力シート(お客様入力用)'!D31)
A22: =IF('入力シート(お客様入力用)'!C32="","",'入力シート(お客様入力用)'!C32) | F22: =IF(A22="","","：") | G22: =IF('入力シート(お客様入力用)'!D32="","",'入力シート(お客様入力用)'!D32)
A23: =IF(OR('入力シート(お客様入力用)'!C33="",'入力シート(お客様入力用)'!C33="その他４"),"",'入力シート(お客様入力用)'!C33) | F23: =IF(A23="","","：") | G23: =IF('入力シート(お客様入力用)'!D33="","",'入力シート(お客様入力用)'!D33)
A24: =IF(OR('入力シート(お客様入力用)'!C34="",'入力シート(お客様入力用)'!C34="その他５"),"",'入力シート(お客様入力用)'!C34) | F24: =IF(A24="","","：") | G24: =IF('入力シート(お客様入力用)'!D34="","",'入力シート(お客様入力用)'!D34)
A25: =IF(OR('入力シート(お客様入力用)'!C35="",'入力シート(お客様入力用)'!C35="その他６"),"",'入力シート(お客様入力用)'!C35) | F25: =IF(A25="","","：") | G25: =IF('入力シート(お客様入力用)'!D35="","",'入力シート(お客様入力用)'!D35)
A26: =IF(OR('入力シート(お客様入力用)'!C36="",'入力シート(お客様入力用)'!C36="その他７"),"",'入力シート(お客様入力用)'!C36) | F26: =IF(A26="","","：") | G26: =IF('入力シート(お客様入力用)'!D36="","",'入力シート(お客様入力用)'!D36)
A27: =IF(OR('入力シート(お客様入力用)'!C37="",'入力シート(お客様入力用)'!C37="その他８"),"",'入力シート(お客様入力用)'!C37) | F27: =IF(A27="","","：") | G27: =IF('入力シート(お客様入力用)'!D37="","",'入力シート(お客様入力用)'!D37)
A28: =IF(OR('入力シート(お客様入力用)'!C38="",'入力シート(お客様入力用)'!C38="その他９"),"",'入力シート(お客様入力用)'!C38) | F28: =IF(A28="","","：") | G28: =IF('入力シート(お客様入力用)'!D38="","",'入力シート(お客様入力用)'!D38)
A29: =IF(OR('入力シート(お客様入力用)'!C39="",'入力シート(お客様入力用)'!C39="その他１０"),"",'入力シート(お客様入力用)'!C39) | F29: =IF(A29="","","：") | G29: =IF('入力シート(お客様入力用)'!D39="","",'入力シート(お客様入力用)'!D39)
A30: 立会の要否 | G30: ='入力シート(お客様入力用)'!D41&"" | S30: ='入力シート(お客様入力用)'!C42 | Y30: ='入力シート(お客様入力用)'!D42&""
A31: 写真の要否 | G31: ='入力シート(お客様入力用)'!D44&"" | M31: =IF('入力シート(お客様入力用)'!C45="","","写真の送付先") | S31: ='入力シート(お客様入力用)'!D45&""
A32: 写真の撮影方法 | G32: =IF('入力シート(お客様入力用)'!D46="","",'入力シート(お客様入力用)'!D46) | L32: =IF('入力シート(お客様入力用)'!H46="","",'入力シート(お客様入力用)'!H46)&"枚" -> 枚 | O32: =IF('入力シート(お客様入力用)'!D47="","",'入力シート(お客様入力用)'!D47) | T32: =IF('入力シート(お客様入力用)'!H47="","",'入力シート(お客様入力用)'!H47)&"枚" -> 枚 | W32: =IF('入力シート(お客様入力用)'!D48="","",'入力シート(お客様入力用)'!D48) | AB32: =IF('入力シート(お客様入力用)'!H48="","",'入力シート(お客様入力用)'!H48)&"枚" -> 枚 | AE32: =IF('入力シート(お客様入力用)'!D49="","",'入力シート(お客様入力用)'!D49) | AJ32: =IF('入力シート(お客様入力用)'!H49="","",'入力シート(お客様入力用)'!H49)&"枚" -> 枚
G33: =IF('入力シート(お客様入力用)'!D50="","",'入力シート(お客様入力用)'!D50) | L33: =IF('入力シート(お客様入力用)'!H50="","",'入力シート(お客様入力用)'!H50)&"枚" -> 枚 | O33: =IF('入力シート(お客様入力用)'!D51="","",'入力シート(お客様入力用)'!D51) | T33: =IF('入力シート(お客様入力用)'!H51="","",'入力シート(お客様入力用)'!H51)&"枚" -> 枚 | W33: =IF('入力シート(お客様入力用)'!D52="","",'入力シート(お客様入力用)'!D52) | AB33: =IF('入力シート(お客様入力用)'!H52="","",'入力シート(お客様入力用)'!H52)&"枚" -> 枚 | AE33: =IF('入力シート(お客様入力用)'!D53="","",'入力シート(お客様入力用)'!D53) | AJ33: =IF('入力シート(お客様入力用)'!H53="","",'入力シート(お客様入力用)'!H53)&"枚" -> 枚
A34: 速報の要否 | G34: ='入力シート(お客様入力用)'!D55&"" | M34: =IF('入力シート(お客様入力用)'!D55="","",'入力シート(お客様入力用)'!C56) | S34: {=_xlfn.IFS('入力シート(お客様入力用)'!D55="","",'入力シート(お客様入力用)'!D55="不要","",'入力シート(お客様入力用)'!D55="必要(E-mail)",'入力シート(お客様入力用)'!D56&"",'入力シート(お客様入力用)'!D55="必要(FAX)",'入力シート(お客様入力用)'!D57&"")}
A35: 成績書の副本必要部数 | J35: =IF('入力シート(お客様入力用)'!D58="","0 部",'入力シート(お客様入力用)'!D58&" 部") -> 0 部 | M35: 成績書の受取方法 | T35: ='入力シート(お客様入力用)'!D59&"" | Z35: 試験品の処理方法 | AG35: ='入力シート(お客様入力用)'!D60&""
A36: 受領日 | J36: 受領者
A38: 成績書送付先： | G38: 宛名 | K38: ='入力シート(お客様入力用)'!D63&"" | AD38: 郵便番号 | AH38: ='入力シート(お客様入力用)'!D67&""
G39: 住所 | K39: ='入力シート(お客様入力用)'!D68&" "&'入力シート(お客様入力用)'!D69&""
A40: 請求書送付先： | G40: 宛名 | K40: ='入力シート(お客様入力用)'!D77&"" | AD40: 郵便番号 | AH40: ='入力シート(お客様入力用)'!D81&""
G41: 住所 | K41: ='入力シート(お客様入力用)'!D82&" "&'入力シート(お客様入力用)'!D83&""
A42: 通信欄： | D42: ='入力シート(お客様入力用)'!C90&" "&'入力シート(お客様入力用)'!D90&" "&'入力シート(お客様入力用)'!C91&" "&'入力シート(お客様入力用)'!D91&" "&'入力シート(お客様入力用)'!C92&" "&'入力シート(お客様入力用)'!D92
D43: ='入力シート(お客様入力用)'!D93&""
A46: お客さまからご提供いただきました個人情報は、試験業務の実施に係る連絡、調整ならびに当機構が実施している他の業務や新規業務の案内、市場調査およびそれら業務に係る各種情報の提供に限り利用させていただきます。
A47: 試験料 | P47: 円 | R47: 最終検証者 | V47: ﾃﾞｰﾀ検証者 | Z47: 試験担当者 | AD47: 受入検証者 | AH47: 受付担当者
A48: その他 | P48: 円
A49: 小計 | P49: 円
A50: 消費税 | P50: 円
A51: 合計 | P51: 円
B53: 試験のお申し込みに関する了承事項
A54: 依頼試験をお申し込みされるお客さまへ この試験は、お客さまが指定する適用規格、試験条件および試験方法等に基づき、当機構が実施するものです。 下記の事項をご確認の上、ご了承いただけましたら申込書をご提出ください。 （お申し込みについて） 1.(1)当機構は、お客さまに申込書をご提出いただいた後、納期を提示、あるいは必要に応じて見積書を発行いたします。納期あるいは見積書の内容をご了承いただけましたら、当機構まで供試品および資料（以下総称して「供試品等」という）をお持ちください。なお、納期および見積書に記載する料金等は、標準工程に基づくものであり、試験の進行状況によっては変更することがありますのであらかじめご了承ください。 (2)ご提出いただいた供試品等について、試験業務終了後に返却をご希望される場合は、お申し込み時にあらかじめお申し出ください。 (3)納期とは、持ち込みにおいては引き取り可能日であり、輸送業者使用の場合は、当機構発送日とします。 （お申し込みの取消等） 2.お客さまにおいて、以下の事項の一つにでも該当する場合、当機構の判断でお申し込みを受け付けないこと、また一旦受け付けたお申し込みを取り消すことがあります。 なお、原則として、一旦受け付けたお申し込みを取り消す場合、料金につきましてはそれまでの実費を請求させていただきます。 ①お申し込みが、当機構において対応することが技術的に困難なものであった場合。 ②お客さまが本了承事項12．に違反した場合。なお、この場合、当機構は、当該取消しによりお客さまが被った損害につき、一切の義務および責任を負わないものとし、また、当該取消しにより当機構に損害が生じたときは、お客さまはその損害を賠償するものとします。 ③お客さまにおいて、資産、信用状態が悪化し、またはそのおそれがある場合。 ④当機構が必要と判断する供試品等をご提出いただけない場合。 ⑤その他お申し込みについて当機構が不適切と判断した場合。 （申し込み内容の変更） 3．申込書ご提出後、お客さまにおいてその内容の変更を希望される場合は､その旨を文書にて当機構にご提出ください。この場合、料金、納期等が変更となる場合があります。 また、当機構が試験の目的を達成するために試験内容の変更、追加等が必要と判断した場合、料金、納期等について改めて協議させていただきます。 （お申し込みの取り下げ） 4.お申し込みを取り下げる場合は､その旨を文書にて当機構にご提出ください。料金につきましては、それまでの実費を請求させていただきます。 （製造所等への立ち入り） 5.(1)実地調査が必要な場合は、当機構の職員が製造所等に立ち入り、必要な調査を実施いたします。 (2)実地調査を行う場合、当機構の職員が立ち入る可能性のある場所について、安全の確保および立ち入り禁止場所の指示を行っていただきますようお願いいたします。なお、専ら当機構の職員の不注意による場合を除き、当機構の職員が何らかの危害・損害を受けた場合には、当機構はお客さまに対してそれにより当機構が被った損害の賠償を求めることがあります。 （試験成績書） 6.(1)試験成績書には、必要に応じて次の①～④の内容を記載いたします。 ①この試験は、申込者の依頼に基づく適用規格、試験条件および試験方法で、当機構が実施したものです。 ②試験成績書は、提供された試験品（供試品）についてのみ、試験を実施した結果であり、同一の個々の販売用製品について適用されるものではありません。 ③試験成績書の内容を、一般消費者向けの宣伝等の目的には利用することはできません。試験の内容または結果の公表、もしくは試験成績書の転載または一部分の複製を希望するときは、事前に当機構の承認を受けてください。 ④その他当機構が必要と判断した事項。 (2)電子試験成績書（以下「電子成績書」という）を発行した場合において、発行した電子成績書の内容に修正が必要となったときは、当機構は、修正後の電子成績書（以下「新電子成績書」という）を発行します。当機構が新電子成績書を発行したときは、お客さまは、お客さまの責任において、修正前の電子成績書（以下「旧電子成績書」という）を譲渡または交付した利用者全てに旧電子成績書の利用停止、および新電子成績書を利用することを通知するものとします。 （損害賠償） 7. (1)当機構が、試験の履行に関し、当機構の責に帰すべき事由によりお客さまに損害を与えた場合、当機構はお客さまに対して直接的かつ現実的に生じた通常の損害（逸失利益、特別損害、間接利益を含まない。）についてのみ賠償するものとし、その上限額は、試験料金相当額とします。 (2)前項にかかわらず、以下の事項に該当する場合、当機構はその責を負わないものとします。 ①天災地変、その他不可抗力により、試験業務の履行および試験成績書の発行ができなくなった場合、当機構はその責を負わないものとします。 ②供試品等の輸送中に生じた損害については、当機構はその責を負わないものとします。なお、保険を掛ける場合の保険料は、お客さまのご負担となります。 （支払い方法） 8.当機構は、試験業務終了後、請求書を発行いたします。お客さまは、請求書受領後、30日以内に現金または小切手を当機構窓口にてお支払いいただくか、請求書に記載の指定銀行口座にお振り込みください。なお、銀行振り込みによる手数料は、お客さまのご負担となります。 （異議・苦情申し立て） 9.試験結果に関する異議または試験業務に関する苦情は、文書により当機構にお申し出ください。当機構において異議または苦情の内容を調査または審議し、当機構が必要であると判断した場合には、お客さまに対し文書で回答させていただきます。 （不適合事項の判明） 10.試験成績書発行後、試験の適用基準に関する不適合事項が判明した場合の製品および製造所等の改修、改善および修理等の費用はお客さまのご負担となります。 （機密保持） 11.当機構は、試験業務を遂行する上で知り得たお客さまの業務上の情報を、他に漏らさないことをお約束いたします。ただし、以下の場合には当機構の判断で第三者に開示することがございます。 ①当機構がISO/IEC 17025等の審査を受ける際に審査機関に対し申込書等を審査資料として開示する場合。 ②法令または官公署からの命令・要請等があった場合。 （反社会的勢力の排除） 12.(1)お客さまは、自己または自己の役員が、暴力団、暴力団員、暴力団準構成員、暴力団関係企業・団体、総会屋等その他これらに準ずる者（以下総称して「暴力団員等」という）および以下の事項のいずれか一つにも該当しないことを表明し、かつ将来にわたっても該当しないことを表明し、保証するものとします。 ①暴力団員等が経営を支配していると認められる関係を有すること ②暴力団員等が経営に実質的に関与していると認められる関係を有すること ③自己､自社もしくは第三者の不正の利益を図る目的または第三者に損害を加える目的をもってする等、不当に暴力団員等を利用していると認められる関係を有すること ④暴力団員等に対して資金等を提供し、または便宜を供与する等の関与をしていると認められる関係を有すること ⑤役員または経営に実質的に関与している者が暴力団員等と社会的に非難されるべき関係を有すること (2)お客さまは、自らまたは第三者を利用して、以下の事項のいずれか一つにでも該当する行為を行わないことを表明し、保証するものとします。 ①暴力的な要求行為 ②法的な責任を超えた不当な要求行為 ③取引に関して、脅迫的な言動をし、または暴力を用いる行為 ④風説を流布し、偽計を用いまたは威力を用いて当機構の信用を毀損し、または当機構の業務を妨害する行為 ⑤その他前各号に準ずる行為 （個人情報の取り扱い） 13.お客さまの個人情報は、試験業務の実施に係る連絡、調整ならびに当機構が実施しております他の業務や新規業務の案内、市場調査およびそれら業務に係る各種情報の提供に限り利用させていただきます。 （その他） 14．本了承事項に記載のない事項または疑義が生じた事項については、お客さまと当機構で協議の上、解決にあたるものとします。
A114: 記 入 要 領
A115: １．試験申し込みに際して、代表者の記名捺印が困難な場合は、業務上委任を受けている責任者の記名捺印でお申し込みください。
A116: ２．試験成績書、供試品、請求書等の送付先が申込者と異なる場合は、送付先の住所、電話番号、担当者名等を通信欄にご記入ください。

Sheet リスト
A1: 試験品内容 | AB1: 立会 | AE1: 写真 | AX1: 試験結果 | BE1: 通信欄
A2: 試験分類 | B2: 試験区分 | C2: 試験方法 | D2: 試験品名 | E2: 個/セット | F2: 試験項目 | G2: ① | H2: ①注意事項 | I2: ② | J2: ②注意事項 | K2: ③ | L2: ③注意事項 | M2: ④ | N2: ④注意事項 | O2: ⑤ | P2: ⑤注意事項 | Q2: ⑥ | R2: ⑥注意事項 | S2: ⑦ | T2: ⑦注意事項 | U2: ⑧ | V2: ⑧注意事項 | W2: ⑨ | X2: ⑨注意事項 | Y2: ⑩ | Z2: ⑩注意事項 | AB2: 立会の要否 | AC2: 立会日時 | AE2: 写真の要否 | AF2: 写真の送付先(E-mailアドレス) | AG2: 写真の撮影方法 | AX2: 速報の要否 | AY2: 速報の送付先(E-mailアドレス) | AZ2: 速報の送付先(FAX番号) | BA2: 成績書副本の必要部数(部) | BB2: 成績書の受取方法 | BC2: 試験品の処理方法 | BE2: ① | BF2: ② | BG2: ③
AB3: 不要 | AE3: 不要 | AF3: 申込者情報と同じ | AX3: 不要 | AY3: 申込者情報と同じ | BB3: 郵送 | BC3: 廃棄 | BE3: 不要
AB4: 必要(現地) | AE4: 必要(成績書に添付) | AX4: 必要(E-mail) | BB4: 引取 | BC4: 返却（引取） | BE4: 必要
AB5: 必要(Web) | AE5: 必要(E-mail) | AX5: 必要(FAX) | BC5: 返却（着払い発送）
AE6: 必要(CD) | BC6: 返却（請求書払い）
A8: 補修材料試験_押抜き試験 | B8: 収入区分：補修材料 | C8: 押抜き試験 JSCE-K533 | D8: 押抜き試験供試体 | E8: 3 | F8: 押抜き試験 | G8: 製造会社 | H8: ※表面被覆材の製造会社を記入してください。 | I8: 表面被覆材 | J8: ※表面被覆材の材料名を記入してください。 | K8: 被着材の種別 | L8: 例)上ぶた式U形側溝(ふた)、1種呼び名300 | Y8: 特記事項 | Z8: ※必要に応じて記入してください。 | AG8: 押抜き試験後(全景) | AH8: 1 | AI8: 押抜き試験後(各接写) | AJ8: 3 | AU8: 総数 | AV8: =AH8+AJ8+AL8+AN8+AP8+AR8+AT8 -> 4 | BE8: コア抜き
A9: 補修材料試験_押抜き試験 | B9: 収入区分：補修材料 | C9: 押抜き試験 NEXCO試験方法 試験法424（連続繊維シートを埋込む場合） | D9: 押抜き試験供試体 | E9: 3 | F9: 押抜き試験 | G9: 製造会社 | H9: ※補強材の製造会社を記入してください。 | I9: 補強材の種類 | J9: ※補強材の材料名を記入してください。 | K9: 供試体配合 | L9: 例)普通-〇-〇-〇-N | Y9: 特記事項 | Z9: ※必要に応じて記入してください。 | AG9: 供試体搬入時 | AH9: 1 | AI9: コア抜き状況 | AJ9: 1 | AK9: コア削孔長確認状況 | AL9: 1 | AM9: コア抜き完了後 | AN9: 1 | AO9: 押抜き試験状況 | AP9: 1 | AQ9: 押抜き試験後(全景) | AR9: 1 | AS9: 押抜き試験後(各接写) | AT9: 3 | AU9: 総数 | AV9: =AH9+AJ9+AL9+AN9+AP9+AR9+AT9 -> 9 | BE9: コア抜き | BF9: NEXCO様式データシート
A10: 補修材料試験_押抜き試験 | B10: 収入区分：新規 | C10: 押抜き試験 NEXCO試験方法 試験法424（繊維補強コンクリート場合） | D10: 押抜き試験供試体 | E10: 3 | F10: 押抜き試験 | G10: 製造会社 | H10: ※補強材の製造会社を記入してください。 | I10: 補強材の種類 | J10: ※補強材の材料名を記入してください。 | K10: 供試体配合 | L10: 例)普通-〇-〇-〇-N | Y10: 特記事項 | Z10: ※必要に応じて記入してください。 | AG10: 供試体搬入時 | AH10: 1 | AI10: コア抜き状況 | AJ10: 1 | AK10: コア削孔長確認状況 | AL10: 1 | AM10: コア抜き完了後 | AN10: 1 | AO10: 押抜き試験状況 | AP10: 1 | AQ10: 押抜き試験後(全景) | AR10: 1 | AS10: 押抜き試験後(各接写) | AT10: 3 | AU10: 総数 | AV10: =AH10+AJ10+AL10+AN10+AP10+AR10+AT10 -> 9 | BE10: コア抜き | BF10: NEXCO様式データシート
A11: 補修材料試験 | B11: 収入区分：補修材料 | C11: 付着強度試験 JSCE-K561 | D11: 付着強度試験供試体 | E11: 3 | F11: 付着強度試験 | G11: 製造会社 | H11: 使用した材料メーカー名を記入してください。 | I11: 材料名 | J11: 使用材料名(商品名)等 | K11: 作製日 | L11: 作製日を記入してください。 | M11: 材齢 | N11: 〇日 | O11: 養生方法 | P11: 外気空中・標準水中等 | Y11: 特記事項 | Z11: ※必要に応じて記入してください。 | AG11: 試験後 | AH11: 2 | AU11: 総数 | AV11: =AH11+AJ11+AL11+AN11+AP11+AR11+AT11 -> 2 | BE11: コア抜き
A12: 補修材料試験 | B12: 収入区分：補修材料 | C12: 接着強度試験 JSCE-E545 | D12: 接着強度試験供試体 | E12: 3 | F12: 接着強度試験 | G12: 種別(材料名) | H12: 使用材料名(商品名)等 | I12: 作製日 | J12: 作製日を記入してください。 | K12: 材齢 | L12: 〇日 | M12: 養生方法 | N12: 外気空中・標準水中等 | O12: 製造会社 | P12: 使用した材料メーカー名を記入してください。 | Y12: 特記事項 | Z12: ※必要に応じて記入してください。 | AG12: 試験後 | AH12: 2 | AU12: 総数 | AV12: =AH12+AJ12+AL12+AN12+AP12+AR12+AT12 -> 2
A13: 補修材料試験 | B13: 収入区分：補修材料 | C13: 固着強さ試験 JIS A 7502-2附属書L | D13: 固着強さ試験供試体 | E13: 3 | F13: 固着強さ試験 | G13: 種別(材料名) | H13: 使用材料名(商品名)等 | I13: 作製日 | J13: 作製日を記入してください。 | K13: 材齢 | L13: 〇日 | M13: 養生方法 | N13: 外気空中・標準水中等 | O13: 製造会社 | P13: 使用した材料メーカー名を記入してください。 | Y13: 特記事項 | Z13: ※必要に応じて記入してください。 | AG13: 試験後 | AH13: 2 | AU13: 総数 | AV13: =AH13+AJ13+AL13+AN13+AP13+AR13+AT13 -> 2
A14: 補修材料試験 | B14: 収入区分：補修材料 | C14: 接着強さ試験 JIS A 7502-2附属書G | D14: 接着強さ試験供試体 | E14: 3 | F14: 接着強さ試験 | G14: 種別(材料名) | H14: 使用材料名(商品名)等 | I14: 作製日 | J14: 作製日を記入してください。 | K14: 材齢 | L14: 〇日 | M14: 養生方法 | N14: 外気空中・標準水中等 | O14: 製造会社 | P14: 使用した材料メーカー名を記入してください。 | Y14: 特記事項 | Z14: ※必要に応じて記入してください。 | AG14: 試験後 | AH14: 2 | AU14: 総数 | AV14: =AH14+AJ14+AL14+AN14+AP14+AR14+AT14 -> 2
A15: 補修材料試験 | B15: 収入区分：補修材料 | C15: 付着強さ試験 JIS A 6909 付着強さ試験 | D15: 付着強度試験供試体 | E15: 3 | F15: 付着強度試験 | G15: 製造会社 | H15: 使用した材料メーカー名を記入してください。 | I15: 材料名 | J15: 使用材料名(商品名)等 | K15: 作製日 | L15: 作製日を記入してください。 | M15: 材齢 | N15: 〇日 | O15: 養生方法 | P15: 外気空中・標準水中等 | Y15: 特記事項 | Z15: ※必要に応じて記入してください。 | AG15: 試験後 | AH15: 2
A16: 補修材料試験_引張接着性試験 | B16: 収入区分：新規 | C16: 引張接着性試験 NEXCO試験方法 試験法432 | D16: 引張接着性試験供試体 | E16: 5 | F16: 引張接着性試験 | G16: 断面修復材名 | I16: 供試体作製日 | J16: ※断面修復材を施工した日を記入してください。 | K16: 材齢 | M16: 負荷条件 | N16: 例)養生終了時 | O16: 下地材配合 | P16: 例)普通-40-8-20-N | Y16: 特記事項 | Z16: ※必要に応じて記入してください。 | AG16: 試験後 | AH16: 2 | AU16: 総数 | AV16: =AH16+AJ16+AL16+AN16+AP16+AR16+AT16 -> 2 | BE16: コア抜き | BF16: 研磨
A17: 補修材料試験_引張接着性試験 | B17: 収入区分：新規 | C17: 引張接着性試験 NEXCO試験方法 試験法439 | D17: 引張接着性試験供試体 | E17: 5 | F17: 引張接着性試験 | G17: 断面修復材名 | I17: 供試体作製日 | J17: ※断面修復材を施工した日を記入してください。 | K17: 材齢 | M17: 下地材配合 | N17: 例)普通-40-8-20-N | Y17: 特記事項 | Z17: ※必要に応じて記入してください。 | AG17: 試験後 | AH17: 2 | AU17: 総数 | AV17: =AH17+AJ17+AL17+AN17+AP17+AR17+AT17 -> 2 | BE17: コア抜き | BF17: 研磨
A18: 補修材料試験 | B18: 収入区分：新規 | C18: 付着性能試験 NEXCO試験方法 試験法422 | D18: 付着性能試験供試体 | E18: 3 | F18: 付着性能試験 | G18: 下地コンクリート版配合 | H18: 例)普通-〇-〇-〇-N | I18: 表面処理方法 | K18: 新コンクリート配合 | L18: 例)普通-〇-〇-〇-N | M18: 供試体採取方法 | O18: 供試体養生方法 | Y18: 特記事項 | Z18: ※必要に応じて記入してください。 | AG18: 試験後 | AH18: 2 | AU18: 総数 | AV18: =AH18+AJ18+AL18+AN18+AP18+AR18+AT18 -> 2 | BE18: カット | BF18: 研磨
A19: 金属試験 | B19: 収入区分：一般試験 | C19: 断面マクロ試験 | D19: 断面マクロ試験供試体 | F19: 断面マクロ試験 | G19: 材質・径 | H19: 例)SD345 D32 | I19: 溶接者 | J19: ※必要に応じて記入してください。 | Y19: 特記事項 | Z19: ※必要に応じて記入してください。 | AG19: 断面接写 | AH19: 1 | AU19: 総数 | AV19: =AH19+AJ19+AL19+AN19+AP19+AR19+AT19 -> 1
A20: 金属試験 | B20: 収入区分：一般試験 | C20: 断面寸法試験 | D20: 断面寸法試験供試体 | F20: 断面寸法試験 | G20: 材質・径 | H20: 例)SD345 D32 | I20: 溶接者 | J20: ※必要に応じて記入してください。 | Y20: 特記事項 | Z20: ※必要に応じて記入してください。 | AG20: 断面接写 | AH20: 1 | AU20: 総数 | AV20: =AH20+AJ20+AL20+AN20+AP20+AR20+AT20 -> 1
A21: コンクリート試験_拘束膨張試験 | B21: 収入区分：コンクリート試験 | C21: 拘束膨張試験(A法) JIS A 6202 拘束膨張試験 A法 | D21: 試験供試体 | E21: 3 | F21: 拘束膨張率試験(A法)(JIS A6202) | G21: 呼び方 | H21: 例)普通-〇-〇-〇-N | I21: 混和剤 | J21: 使用材料を記入してください。 | K21: 混和材 | L21: 使用材料を記入してください。 | M21: 供試体成型日 | O21: 搬入日 | Q21: 製造工場 | Y21: 特記事項 | Z21: ※必要に応じて記入してください。 | AG21: 材齢7日時測長状況 | AH21: 1 | AU21: 総数 | AV21: =AH21+AJ21+AL21+AN21+AP21+AR21+AT21 -> 1 | BE21: JQA職員が供試体作成
A22: コンクリート試験_拘束膨張試験 | B22: 収入区分：コンクリート試験 | C22: 拘束膨張試験(B法) JIS A 6202 拘束膨張試験 B法 | D22: 試験供試体 | E22: 3 | F22: 拘束膨張率試験(B法)(JIS A6202) | G22: 呼び方 | H22: 例)普通-〇-〇-〇-N | I22: 混和剤 | J22: 使用材料を記入してください。 | K22: 混和材 | L22: 使用材料を記入してください。 | M22: 供試体成型日 | O22: 搬入日 | Q22: 製造工場 | Y22: 特記事項 | Z22: ※必要に応じて記入してください。 | AG22: 材齢7日時測長状況 | AH22: 1 | AU22: 総数 | AV22: =AH22+AJ22+AL22+AN22+AP22+AR22+AT22 -> 1 | BE22: JQA職員が供試体作成
A23: コンクリート試験 | B23: 収入区分：コンクリート試験 | C23: 乾燥収縮試験 JIS A 1129-3 乾燥収縮試験 | D23: 試験供試体 | E23: 3 | F23: 乾燥収縮試験（JIS A 1129-3） | G23: 呼び方 | H23: 例)普通-〇-〇-〇-N | I23: 混和剤 | J23: 使用材料を記入してください。 | K23: 使用骨材 | L23: 使用材料を記入してください。 | M23: 供試体成型日 | O23: 製造工場 | Q23: 混和材 | R23: 使用材料を記入してください。 | Y23: 特記事項 | Z23: ※必要に応じて記入してください。 | AG23: 測長状況 | AH23: 1 | AU23: 総数 | AV23: =AH23+AJ23+AL23+AN23+AP23+AR23+AT23 -> 1 | BE23: JQA職員が供試体作成 | BF23: 早期判定
A24: コンクリート試験 | B24: 収入区分：コンクリート試験 | C24: 静弾性係数試験 JIS A 1149 | D24: コンクリート(圧縮・静弾性係数)供試体 | E24: 3 | F24: 静弾性係数試験 | G24: 呼び方 | I24: 供試体作製日 | K24: 材齢 | M24: 養生方法 | O24: 製造工場 | Q24: 混和剤 | Y24: 特記事項 | Z24: ※必要に応じて記入してください。 | AG24: 試験後 | AH24: 1 | AU24: 総数 | AV24: =AH24+AJ24+AL24+AN24+AP24+AR24+AT24 -> 1
A25: コンクリート試験 | B25: 収入区分：新規 | C25: 促進中性化試験 JIS A 1153 | D25: 促進中性化試験供試体 | E25: 3 | F25: 促進中性化試験 | G25: コンクリートの配合 | H25: 例)普通-〇-〇-〇-N | I25: 供試体作製年月日 | K25: 製造工場 | M25: 使用材料 | N25: 高炉スラグ微粉末 | Y25: 特記事項 | Z25: ※必要に応じて記入してください。 | AG25: 各材齢ごとに1本ずつ | AH25: 3 | AU25: 総数 | AV25: =AH25+AJ25+AL25+AN25+AP25+AR25+AT25 -> 3
A26: 石材試験 | B26: 収入区分：コンクリート試験 | C26: 石材 JIS A 5003 | D26: 石材(JIS A 5003)供試体 | F26: 石材見掛け比重・吸水率・圧縮強さ試験 | G26: 種別 | H26: 例)花崗岩 | I26: 産地 | Y26: 特記事項 | Z26: ※必要に応じて記入してください。 | AG26: 試験後 | AH26: 1 | AU26: 総数 | AV26: =AH26+AJ26+AL26+AN26+AP26+AR26+AT26 -> 1
A27: 石材試験 | B27: 収入区分：コンクリート試験 | C27: 割ぐり石 JIS A 5006 | D27: 割ぐり石(JIS A 5006)供試体 | F27: 割ぐり石見掛け比重・吸水率・圧縮強さ試験 | G27: 種別 | H27: 例)花崗岩 | I27: 産地 | Y27: 特記事項 | Z27: ※必要に応じて記入してください。 | AG27: 試験後 | AH27: 1 | AU27: 総数 | AV27: =AH27+AJ27+AL27+AN27+AP27+AR27+AT27 -> 1
Y28: 特記事項 | Z28: ※必要に応じて記入してください。 | AU28: 総数 | AV28: =AH28+AJ28+AL28+AN28+AP28+AR28+AT28 -> 0
Y29: 特記事項 | Z29: ※必要に応じて記入してください。 | AU29: 総数 | AV29: =AH29+AJ29+AL29+AN29+AP29+AR29+AT29 -> 0
Y30: 特記事項 | Z30: ※必要に応じて記入してください。 | AU30: 総数 | AV30: =AH30+AJ30+AL30+AN30+AP30+AR30+AT30 -> 0
Y31: 特記事項 | Z31: ※必要に応じて記入してください。 | AU31: 総数 | AV31: =AH31+AJ31+AL31+AN31+AP31+AR31+AT31 -> 0
Y32: 特記事項 | Z32: ※必要に応じて記入してください。 | AU32: 総数 | AV32: =AH32+AJ32+AL32+AN32+AP32+AR32+AT32 -> 0
Y33: 特記事項 | Z33: ※必要に応じて記入してください。 | AU33: 総数 | AV33: =AH33+AJ33+AL33+AN33+AP33+AR33+AT33 -> 0
Y34: 特記事項 | Z34: ※必要に応じて記入してください。 | AU34: 総数 | AV34: =AH34+AJ34+AL34+AN34+AP34+AR34+AT34 -> 0
Y35: 特記事項 | Z35: ※必要に応じて記入してください。 | AU35: 総数 | AV35: =AH35+AJ35+AL35+AN35+AP35+AR35+AT35 -> 0
Y36: 特記事項 | Z36: ※必要に応じて記入してください。 | AU36: 総数 | AV36: =AH36+AJ36+AL36+AN36+AP36+AR36+AT36 -> 0
Y37: 特記事項 | Z37: ※必要に応じて記入してください。 | AU37: 総数 | AV37: =AH37+AJ37+AL37+AN37+AP37+AR37+AT37 -> 0
Y38: 特記事項 | Z38: ※必要に応じて記入してください。 | AU38: 総数 | AV38: =AH38+AJ38+AL38+AN38+AP38+AR38+AT38 -> 0
Y39: 特記事項 | Z39: ※必要に応じて記入してください。 | AU39: 総数 | AV39: =AH39+AJ39+AL39+AN39+AP39+AR39+AT39 -> 0
... Y42: 特記事項 | Z42: ※必要に応じて記入してください。 | AU42: 総数 | AV42: =AH42+AJ42+AL42+AN42+AP42+AR42+AT42 -> 0
